 Dungeon Crawl Stone Soup version 0.31-a0-640-g39d97e502b (webtiles) character file.

Game seed: 9114157910669697494

32 qw the Shooter (level 3, -1/21 HPs)
             Began as a Gargoyle Hunter on Aug 27, 2023.
             Slain by a cerulean imp
             ... wielding a +2 spear
             ... summoned by Natasha
              (5 damage)
             ... on level 3 of the Dungeon.
             The game lasted 00:00:18 (959 turns).

qw the Shooter (Gargoyle Hunter)                     Turns: 959, Time: 00:00:18

Health: -1/21      AC:  6    Str: 14    XL:     3   Next: 27%
Magic:  3/3        EV: 11    Int:  9    God:
Gold:   84         SH:  0    Dex: 15    Spells: 2/2 levels left

rFire   + . .        Y - +0 shortbow
rCold   . . .        (shield currently unavailable)
rNeg    + . .        c - +0 leather armour
rPois   inf          (no helmet)
rElec   +            (no cloak)
rCorr   .            (no gloves)
SInv    .            (no boots)
Will    .....        (no amulet)
Stlth   ++           d - ring of protection from fire
HPRegen 0.23/turn    (no ring)
MPRegen 0.08/turn

%: no passive effects
@: slowed, very slow
A: sickness immunity, AC +3, negative energy resistance 1, electricity
resistance, torment resistance 1, petrification resistance
a: no special abilities


You were on level 3 of the Dungeon.
You visited 1 branch of the dungeon, and saw 3 of its levels.

You collected 84 gold pieces.


Innate Abilities, Weirdness & Mutations

You are immune to sickness and miasma.
Your stone body is resilient. (AC +3)
You are immune to poison.
You resist negative energy. (rN+)
You are resistant to electric shocks. (rElec)
You are resistant to unholy torment.
You are immune to petrification.


   Skills:
 + Level 2.3 Fighting
 - Level 5.0 Ranged Weapons
 - Level 1.5 Dodging
 - Level 1.1 Stealth


You had 2 spell levels left.
You didn't know any spells.
Your spell library was empty.

Inventory:

Hand Weapons
 Y - a +0 shortbow (weapon)
Armour
 a - a +0 ring mail
 c - a +0 leather armour (worn)
Jewellery
 d - a ring of protection from fire (left hand)
Scrolls
 g - 2 scrolls of identify
Potions
 b - a potion of berserk rage {unknown}
 e - a potion of attraction {unknown}
 f - a potion of ambrosia {unknown}

Dungeon Overview and Level Annotations

Branches:
Dungeon (3/15)

Altars:

Annotations:
D:3 Natasha


Message History

A goblin comes into view. It is wielding a +0 dagger.
You shoot an arrow. The goblin shouts!
The arrow hits the goblin.
You kill the goblin!
You see here a book of Debilitation.
A bat comes into view.
You shoot an arrow.
The arrow hits the bat but does no damage.
You shoot an arrow. The arrow hits the bat.
You kill the bat!
You see here a bat corpse.
A sourceless malevolence fills the Dungeon...
You fall into a shaft and drop 1 floor!
The shaft crumbles and collapses.
Found a stone staircase leading down.
Waypoint 2 assigned to D:3.
Natasha, Servant of Life and Death comes into view.
You shoot an arrow. The arrow barely misses Natasha.
You shoot an arrow. The arrow closely misses Natasha.
Natasha claws you. Natasha claws you but does no damage.
You shoot an arrow. The arrow closely misses Natasha.
Natasha claws you.
You shoot an arrow.
The arrow hits Natasha but does no damage.
Natasha casts a spell at you.
You feel yourself slow down.
You shoot an arrow. The arrow closely misses Natasha.
Natasha claws you but does no damage.
Natasha mumbles some strange words.
You shoot an arrow. The arrow hits Natasha.
Natasha is moderately wounded.
Natasha stares at you and mumbles some strange words.
The magic dart hits you.
The cerulean imp hits you but does no damage.
Natasha barely misses you.
The cerulean imp hits you from afar with a +2 spear.
You shoot an arrow. The arrow barely misses Natasha.
Natasha claws you.
The cerulean imp hits you from afar with a +2 spear.
You die...

...# ...# ...#
... ##.. ####..
.?.#...h#########
.....>.@.5......#
#..####.#########
#.. ##.# .# .# .#
.#


You could see Natasha and a cerulean imp (summoned).

Vanquished Creatures
  An adder (D:2)
  A dart slug (D:1)
  5 bats
  3 goblins
  2 hobgoblins (D:1)
  4 kobolds
  4 rats (D:1)
20 creatures vanquished.

Notes
Turn   | Place    | Note
-------+----------+-------------------------------------------
     0 | D:1      | qw the Gargoyle Hunter began the quest for the Orb.
     0 | D:1      | Reached XP level 1. HP: 12/12 MP: 1/1
     0 | D:1      | 0 ||| qw: Version: 0.3-a-74-g0d5e918
     0 | D:1      | 0 ||| qw: Game counter: 55
     0 | D:1      | 0 ||| qw: Melee chars always use a shield: true
     0 | D:1      | 0 ||| qw: God list: Okawaru
     0 | D:1      | 0 ||| qw: Allow faded altars: false
     0 | D:1      | 0 ||| qw: Do Orc after clearing Dungeon:15 true
     0 | D:1      | 0 ||| qw: Do second Lair branch before Depths: true
     0 | D:1      | 0 ||| qw: Lair rune preference: random
     0 | D:1      | 0 ||| qw: Goals: Normal
     0 | D:1      | 0 ||| PLANNING D:1-11
   164 | D:1      | Found a faded altar of an unknown god.
   266 | D:1      | Reached XP level 2. HP: 17/17 MP: 2/2
   592 | D:1      | 592 ||| UPGRADING to ring of protection from fire.
   593 | D:1      | 593 ||| READING scroll labelled CUUWNE GIETUY.
   594 | D:1      | 594 ||| READING 2 scrolls labelled OSAKHO FUKATUT.
   595 | D:1      | 595 ||| READING scroll labelled OTOTSAL FAUD.
   596 | D:1      | 596 ||| READING scroll labelled ZETWOOT UNUI.
   600 | D:1      | 600 ||| DROPPING scroll of butterflies.
   710 | D:2      | Reached skill level 5 in Ranged Weapons
   710 | D:2      | Reached XP level 3. HP: 21/21 MP: 3/3
   950 | D:2      | You fall into a shaft and drop 1 floor!
   952 | D:3      | Noticed Natasha
   958 | D:3      | HP: 5/21 [cerulean imp/+2 spear[Natasha] (4)]
   959 | D:3      | Slain by a cerulean imp

Levels and vault maps discovered:
D:1:      nzn_arrival_crosshair, layout_basic, dreamdust_ecumenical_altar_grove,
          minmay_tree_intersection
D:2:      layout_basic, basic_altar
D:3:      layout_rooms, grunt_ministairs_5, nrook_campfire,
          minmay_fractal_squares_gapless_5, uniq_natasha

Skill      XL: |  1  2 |
---------------+-------+-----
Ranged Weapons | 5 |  5.0
Fighting       | |  2.3
Dodging        | |  1.5
Stealth        | |  1.1

Action                     || total
---------------------------++-------
   Fire: Shortbow          ||    54
    Use: Scroll            ||     4
 Armour: Leather armour    ||     9
  Dodge: Dodged            ||     8

Table legend:
 A = Non-vault XP
 B = Vault XP
 C = Vault XP percentage of total XP
 D = Non-vault monster count
 E = Vault monster count
 F = Vault count percentage of total count
                 A         B        C        D         E       F
            +---------+---------+-------+---------+---------+-------
      Total |      47 |       0 |   0.0 |      20 |       0 |   0.0
            +---------+---------+-------+---------+---------+-------
        D:1 |      25 |       0 |   0.0 |      14 |       0 |   0.0
        D:2 |      22 |       0 |   0.0 |       6 |       0 |   0.0
            +---------+---------+-------+---------+---------+-------
